 Dungeon Sprint DCSS version 0.26-a0-1164-g1a551d6a14 (webtiles) character file.

Game seed: 16197634979288626315

1249 reriks the Fighter (level 8, -5/104 HPs)
             Began as an Ogre Berserker on Dec 23, 2020.
             Was a Priest of Trog.
             Slain by a centaur warrior (12 damage)
             ... in the Dungeon (Sprint I: "Red Sonja").
             The game lasted 00:01:55 (1349 turns).

reriks the Fighter (Ogre Berserker)                 Turns: 1349, Time: 00:01:56

Health: -5/104     AC:  4    Str: 24    XL:     8   Next: 50%
Magic:  8/8        EV: 13    Int:  8    God:    Trog [***...]
Gold:   130        SH:  0    Dex:  8    Spells: 7/7 levels left

rFire    . . .     SeeInvis .   i - +0 giant club
rCold    . . .     Faith    .   (shield currently unavailable)
rNeg     + . .     Spirit   .   n - +0 robe "Bennill" {rN+} (curse)
rPois    .         Reflect  .   (helmet restricted)
rElec    .         Harm     .   m - +0 cloak {rCorr}
rCorr    +         Rampage  .   (gloves unavailable)
Will     .....     NoTele   +   (boots unavailable)
Stlth    +.........             (no amulet)
HPRegen  0.27/turn              (no ring)
MPRegen  0.11/turn              (no ring)

@: mighty, berserk cooldown, slowed, very slow
A: large, unfitting armour, tough skin 1
a: Renounce Religion, Berserk, Trog's Hand


You were in the Dungeon.
You worshipped Trog.
Trog was most pleased with you.
You visited 1 branch You collected 420 gold pieces.
You spent 290 gold pieces at shops.

Inventory:

Hand Weapons
 a - a +0 hand axe
 i - a +0 giant club (weapon)
Armour
 b - a +0 animal skin
 m - a +0 cloak of preservation (worn)
 n - the cursed +0 robe "Bennill" (worn) {rN+}
   (You bought it in a shop in the Dungeon)

   It protects you from negative energy.
   It has a curse placed upon it.
Scrolls
 h - a scroll of blinking
 l - a scroll of magic mapping {unknown}
Potions
 e - a potion of haste
 f - 2 potions of magic
 g - a potion of berserk rage
 k - a potion of brilliance {unknown}


   Skills:
 + Level 13.8 Fighting
 + Level 10.9 Axes
 + Level 10.1 Dodging


You had 7 spell levels left.
You didn't know any spells.
Your spell library was empty.

Dungeon Overview and Level Annotations

Branches:
Dungeon (1/1)

Altars:
Cheibriados
Dithmenos
Elyvilon
Fedhas
Gozag
Hepliaklqana
Kikubaaqudgha
Makhleb
Nemelex Xobeh
Okawaru
Qazlal
Ru
Sif Muna
Trog
Uskayaw
Vehumet
Wu Jian
Xom
Yredelemnul
Zin
The Shining One
Jiyva
Lugonu

Shops:
D [


Innate Abilities, Weirdness & Mutations

You are too large for most types of armour.
You have tough skin. (AC +1)


Message History

* * * LOW HITPOINT WARNING * * *
The centaur warrior closely misses you.
You barely miss the centaur warrior.
The centaur warrior is almost dead.
The centaur warrior hits you.
* * * LOW HITPOINT WARNING * * *
The centaur warrior completely misses you.
The centaur warrior hits you!
* * * LOW HITPOINT WARNING * * *
You completely miss the centaur warrior.
The centaur warrior is almost dead.
The centaur warrior misses you.
The centaur warrior hits you but does no damage.
The centaur warrior barely misses you.
You barely miss the centaur warrior.
The centaur warrior is almost dead.
The centaur warrior hits you!
* * * LOW HITPOINT WARNING * * *
The centaur warrior hits you!
You die...

######################
#<.#..'÷.#.)'(.#__#..+
#..[..#..'..#()'..'..#
#..#####'#####'#__####
#..####..#...#(####§§#
#..#__####..##@#§≈§.c#
#..#_____##'#_§c§≈§§§
#⌠⌠#_.∩...'...§#§≈§§§#
####_..__##_.#'##+####
#_____###+#.# #######
###


You could see a centaur warrior.

Vanquished Creatures
  A centaur warrior (D)
  A slime creature (D)
  Sigmund (D)
  A yak (D)
  An ogre (D)
  A jelly (D)
  Ijyb (D)
7 creatures vanquished.

Notes
Turn   | Place    | Note
-------+----------+-------------------------------------------
     0 | D        | reriks the Ogre Berserker began the quest for the Orb.
     0 | D        | Reached XP level 1. HP: 24/24 MP: 1/1
     1 | D        | Noticed Ijyb
    11 | D        | Killed Ijyb
    12 | D        | Reached skill level 5 in Fighting
    12 | D        | Reached XP level 2. HP: 36/36 MP: 2/2
    12 | D        | Reached XP level 3. HP: 44/44 MP: 3/3
   158 | D        | Noticed an ogre
   164 | D        | Killed an ogre
   165 | D        | Reached skill level 8 in Fighting
   165 | D        | Reached skill level 5 in Dodging
   165 | D        | Reached XP level 4. HP: 37/57 MP: 4/4
   438 | D        | Noticed Sigmund
   444 | D        | Killed Sigmund
   444 | D        | Reached ** piety under Trog
   445 | D        | Reached skill level 10 in Fighting
   445 | D        | Reached XP level 5. HP: 68/68 MP: 5/5
   445 | D        | Reached XP level 6. HP: 78/78 MP: 6/6
   611 | D        | Found an ornate altar of the Wu Jian Council.
   611 | D        | Found a shimmering blue altar of Sif Muna.
   613 | D        | Found a radiant altar of Vehumet.
   648 | D        | Found Kyng's Antique Armour Emporium.
   648 | D        | Found an ancient bone altar of Kikubaaqudgha.
   648 | D        | Found a hazy altar of Hepliaklqana.
   648 | D        | Found a hide-covered altar of Uskayaw.
   648 | D        | Found a basalt altar of Yredelemnul.
   648 | D        | Found an opulent altar of Gozag.
   648 | D        | Found a snail-covered altar of Cheibriados.
   648 | D        | Found a sacrificial altar of Ru.
   648 | D        | Found a shadowy altar of Dithmenos.
   648 | D        | Noticed a yak
   656 | D        | Found a stormy altar of Qazlal.
   656 | D        | Found a blossoming altar of Fedhas.
   656 | D        | Found a bloodstained altar of Trog.
   656 | D        | Found an iron altar of Okawaru.
   656 | D        | Found a glowing silver altar of Zin.
   661 | D        | Killed a yak
   662 | D        | Reached skill level 11 in Fighting
   662 | D        | Reached XP level 7. HP: 26/88 MP: 7/7
  1046 | D        | Found a glowing golden altar of the Shining One.
  1046 | D        | Found a white marble altar of Elyvilon.
  1048 | D        | Found a sparkling altar of Nemelex Xobeh.
  1052 | D        | Bought a runed cloak for 165 gold pieces
  1052 | D        | Bought an ominously black robe for 125 gold pieces
  1067 | D        | Identified the cursed +0 robe "Bennill" {rN+} (You bought
                  | it in a shop in the Dungeon)
  1077 | D        | Found a viscous altar of Jiyva.
  1077 | D        | Found a corrupted altar of Lugonu.
  1077 | D        | Noticed a slime creature
  1078 | D        | Found a burning altar of Makhleb.
  1078 | D        | Found a shimmering altar of Xom.
  1086 | D        | Killed a slime creature
  1086 | D        | Reached *** piety under Trog
  1087 | D        | Reached skill level 12 in Fighting
  1321 | D        | Noticed a centaur warrior
  1321 | D        | Noticed a centaur warrior
  1335 | D        | Killed a centaur warrior
  1336 | D        | Reached skill level 13 in Fighting
  1336 | D        | Reached skill level 10 in Axes
  1336 | D        | Reached skill level 10 in Dodging
  1336 | D        | Reached XP level 8. HP: 104/104 MP: 8/8
  1349 | D        | Slain by a centaur warrior

Illustrated notes

Levels and vault maps discovered:
D:        dungeon_sprint_1 [red_sonja_temple_1, red_sonja_temple_small_1]

Skill      XL: |  1  2  3  4  5  6  7 |
---------------+----------------------+-----
Fighting       | 5 8 10 11 13 | 13.8
Axes           | 4 6 7 8 10 | 10.9
Dodging        | 4 5 7 8 10 | 10.1

Action                   |  1- 3 |  4- 6 |  7- 9 || total
-------------------------+-------+-------+-------++-------
Melee: Hand axe          |    13 |       |       ||    13
       Giant club        |       |    14 |    19 ||    33
Invok: Berserk           |     2 |     3 |     2 ||     7
  Use: Potion            |       |       |     3 ||     3
Armor: Animal skin       |     1 |     2 |       ||     3
       Robe              |       |       |     1 ||     1
Dodge: Dodged            |     4 |     4 |    16 ||    24

Table legend: (Time is in decaauts)
 A = Elapsed time spent in this place.
 B = Non-inter-level travel time spent in this place.
 C = Inter-level travel time spent in this place.
 D = Time resting spent in this place.
 E = Time spent auto-exploring this place.
 F = Levels seen in this place.
 G = Mean time per level.
                   A        B        C        D        E       F      G
               +--------+--------+--------+--------+--------+-----+--------+
         Total |   1424 |   1424 |      0 |   1207 |      0 |   1 | 1424.0 |
       Dungeon |   1424 |   1424 |      0 |   1207 |      0 |   1 | 1424.0 |
               +--------+--------+--------+--------+--------+-----+--------+

Top non-repeatable levels by time:
       D: 1424 daAuts
